 Dungeon Crawl Stone Soup version 0.29.1-15-g9cfb28693d (webtiles) character file.

Game seed: 13049230268211877145

54 senseless the Insei (level 4, -8/33 HPs)
             Began as a Djinni Transmuter on Apr 24, 2023.
             Was a Follower of Elyvilon.
             Mangled by Crazy Yiuf
             ... wielding a +4 quarterstaff of chaos
              (19 damage)
             ... on level 2 of the Dungeon.
             The game lasted 00:05:44 (2850 turns).

senseless the Insei (Djinni Transmuter)             Turns: 2850, Time: 00:05:45

Health: -8/33      AC:  4    Str:  9    XL:     4   Next: 12%
Gold:   103        EV: 13    Int: 14    God:    Elyvilon [*.....] SH:  0 Dex: 16

rFire   + + .      SeeInvis .   j - +1 dagger (speed)
rCold   x . .      Faith    .   (no shield)
rNeg    . . .      Spirit   .   a - +0 robe
rPois   ∞          Reflect  .   (helmet currently unavailable)
rElec   .          Harm     .   (no cloak)
rCorr   .          Rampage  .   g - +1 pair of gloves
Will    .....                   (boots unavailable)
Stlth   +.........              (no amulet)
HPRegen 0.11/turn               (no ring)
MPRegen 0.00/turn               (no ring)

@: appendages (expiring), flying
A: horns 2, flying, sickness immunity, fire resistance 2, cold vulnerability 1,
float, innate caster, HP casting, extra vitality 1
a: End Transformation, Renounce Religion, Purification


You were on level 2 of the Dungeon.
You worshipped Elyvilon.
Elyvilon was aware of your devotion.
You had temporarily grown beastly horns.
You visited 1 branch of the dungeon, and saw 2 of its levels.

You collected 103 gold pieces.

Inventory:

Hand Weapons
 j - a +1 dagger of speed (weapon)
Armour
 a - a +0 robe (worn)
 e - a +0 helmet (melded)
 g - a +1 pair of gloves (worn)
Scrolls
 d - a scroll of torment {unknown}
 i - a scroll of noise {unknown}
 k - a scroll of vulnerability {unknown}
 m - a scroll of blinking {unknown}
Potions
 b - a potion of lignification
 c - 4 potions of curing {unknown}
 f - a potion of haste {unknown}
 h - a potion of heal wounds {unknown}
 l - a potion of mutation {unknown}


   Skills:
 + Level 1.9 Fighting
 + Level 0.7 Short Blades
 + Level 2.8 Dodging
 + Level 3.3 Unarmed Combat
 + Level 2.0 Spellcasting


You couldn't memorise any spells.
You knew the following spells:

 Your Spells              Type           Power      Damage    Failure   Level
a - Beastly Appendage     Tmut           14%        N/A       10%         1
b - Wereblood             Tmut           7%         N/A       16%         2
c - Spider Form           Tmut/Pois      7%         N/A       30%         3
d - Ice Form              Ice/Tmut       7%         N/A       69%         4
e - Necrotise             Necr           28%        1d5       10%         1
Your spell library was empty.

Dungeon Overview and Level Annotations

Branches:
Dungeon (2/15)

Altars:
Elyvilon

Annotations:
D:2 Crazy Yiuf


Innate Abilities, Weirdness & Mutations

You have temporarily grown beastly horns.
You are flying.
You are immune to sickness and miasma.
You are immune to poison.
Your flesh is very heat resistant. (rF++)
You are vulnerable to cold. (rC-)
You float through the air rather than walking.
You learn spells naturally, not from books.
Your magical power is your life essence.
You have superior vitality. (+4 MHP)


Message History

Your +0 helmet unmelds from your body.
You see here a dart slug corpse.
There is a stone staircase leading down here.
You see here a +0 hammer.
You see here a +0 hammer.
You grow a pair of large bovine horns.
Your +0 helmet melds into your body.
No reachable target in view!
You reach down and open the door.
Crazy Yiuf laughs, "Goldfish!
Gum ragdoll pontify."
You hit Crazy Yiuf.
You headbutt Crazy Yiuf, but do no damage.
Crazy Yiuf is lightly wounded.
You closely miss Crazy Yiuf.
Crazy Yiuf is lightly wounded.
Crazy Yiuf hits you with a +4 quarterstaff of chaos.
You hit Crazy Yiuf but do no damage. Your punch misses Crazy Yiuf.
Crazy Yiuf is lightly wounded.
Crazy Yiuf barely misses you.
You hit Crazy Yiuf.
Crazy Yiuf is lightly wounded.
You hit Crazy Yiuf but do no damage.
You headbutt Crazy Yiuf, but do no damage.
Crazy Yiuf is lightly wounded.
Crazy Yiuf hits you with a +4 quarterstaff of chaos.
You hit Crazy Yiuf. You punch Crazy Yiuf.
Crazy Yiuf is heavily wounded.
You hit Crazy Yiuf but do no damage.
Crazy Yiuf is heavily wounded.
Crazy Yiuf closely misses you.
You hit Crazy Yiuf but do no damage. Your headbutt misses Crazy Yiuf.
Crazy Yiuf is heavily wounded.
Crazy Yiuf misses you.
You hit Crazy Yiuf but do no damage.
Crazy Yiuf is heavily wounded.
You hit Crazy Yiuf but do no damage.
Crazy Yiuf is heavily wounded.
Crazy Yiuf hits you with a +4 quarterstaff of chaos!
You are electrocuted!!
Ouch! That really hurt!
You die...

######.#
#.....##..##....
.......#
#####.##..##....
######## #.##..##....
####..#####. #..# ##.
##### ######## #..#
#.. ....####.)P.#.###
### #..# #.#
###)....)..).#..##...#
#..####.#
#.##....P.####@g...#
#..#..... #.###...P##
###..)# #..#..... #.#
###### ### #..#.....
###.# #........ ....#
###.#..... .####
#####......... .#
#.....#.#..).. .#
#†###.#.###### .# #.#
#.#<....#


You could see Crazy Yiuf.

Vanquished Creatures
  An adder (D:2)
  2 dart slugs (D:2)
  8 ball pythons
  2 bats
  4 endoplasms
  A giant cockroach (D:2)
  4 goblins
  2 hobgoblins
  3 jackals (D:2)
  A frilled lizard (D:2)
  5 kobolds
  4 rats (D:1)
37 creatures vanquished.

Vanquished Creatures (others)
  5 fungi (D:2)
  6 plants (D:2)
11 creatures vanquished.

Grand Total: 48 creatures vanquished

Notes
Turn   | Place    | Note
-------+----------+-------------------------------------------
     0 | D:1      | senseless the Djinni Transmuter began the quest for the
                  | Orb.
     0 | D:1      | senseless set off with the following spells memorised:
                  | Beastly Appendage, Wereblood, Spider Form, Ice Form.
     0 | D:1      | Reached XP level 1. HP: 17/17 MP: 0/0
   472 | D:1      | Reached XP level 2. HP: 18/22 MP: 0/0
  1393 | D:1      | Reached XP level 3. HP: 24/27 MP: 0/0
  1393 | D:1      | Learned a level 1 spell: Necrotise
  2113 | D:2      | Found a runed translucent door.
  2114 | D:2      | Noticed Crazy Yiuf
  2347 | D:2      | Reached XP level 4. HP: 31/33 MP: 0/0
  2390 | D:2      | Found a faded altar of an unknown god.
  2399 | D:2      | Prayed at the altar of an unknown god.
  2399 | D:2      | Became a worshipper of Elyvilon the Healer
  2399 | D:2      | Reached * piety under Elyvilon
  2850 | D:2      | Mangled by Crazy Yiuf

Illustrated notes

Levels and vault maps discovered:
D:1:      dpeg_arrival_concentric_ovals, layout_basic
D:2:      layout_loops_ring, dreamdust_ecumenical_altar_hidden_monk_grotto,
          uniq_crazy_yiuf_cottage

Skill      XL: |  1  2  3 |
---------------+----------+-----
Spellcasting   | 2 |  2.0
Fighting       | |  1.9
Short Blades   | |  0.7
Dodging        | |  2.8
Unarmed Combat | |  3.3

Action                   |  1- 3 |  4- 6 || total
-------------------------+-------+-------++-------
Melee: Unarmed           |    56 |       ||    56
       Headbutt          |    18 |     3 ||    21
       Punch             |     4 |     1 ||     5
       Dagger            |    45 |    19 ||    64
 Cast: Beastly Appendage |    25 |     5 ||    30
Armor: Robe              |    18 |     2 ||    20
Dodge: Dodged            |    49 |     8 ||    57
